 Dungeon Crawl Stone Soup version 0.27-a0-1529-g1e82c303ef (webtiles) character file.

Game seed: 2028761837321657147

1177 Demosthentine the Spear-Bearer (level 8, -14/64 HPs)
             Began as a Merfolk Gladiator on July 12, 2021.
             Demolished by a cyan ugly thing (17 damage)
             ... on level 6 of the Dungeon.
             The game lasted 00:05:58 (6148 turns).

Demosthentine the Spear-Bearer (Merfolk Gladiator)  Turns: 6148, Time: 00:05:59

Health: -14/64     AC:  6    Str: 16    XL:     8   Next: 41%
Magic:  8/8        EV: 15    Int:  7    God:
Gold:   540        SH:  0    Dex: 16    Spells: 7/7 levels left

rFire    . . .     SeeInvis .   r - +3 trident (venom)
rCold    . . .     Faith    .   (no shield)
rNeg     . . .     Spirit   .   b - +0 leather armour
rPois    .         Reflect  .   c - +0 helmet
rElec    .         Harm     .   (no cloak)
rCorr    .         Rampage  .   o - +1 pair of gloves
Will     .....                  (no boots)
Stlth    +.........             (no amulet)
HPRegen  0.20/turn              (no ring)
MPRegen  0.11/turn              (no ring)

@: no status effects
A: (nimble swimmer 2), mertail
a: no special abilities


You were on level 6 of the Dungeon.
You visited 1 branch of the dungeon, and saw 6 of its levels.
You also visited: Sewer and Ossuary.

You collected 540 gold pieces.

Inventory:

Hand Weapons
 r - a +3 trident of venom (weapon)
Armour
 b - a +0 leather armour (worn)
 c - a +0 helmet (worn)
 o - a +1 pair of gloves (worn)
Wands
 g - a wand of flame (39)
 k - a wand of mindburst (22)
Scrolls
 a - a scroll of enchant weapon
 i - 2 scrolls of teleportation
 m - 3 scrolls of identify
 n - 5 scrolls of blinking
 u - 3 scrolls of brand weapon {unknown}
 v - 2 scrolls of amnesia {unknown}
Potions
 e - a potion of berserk rage
 f - a potion of haste
 h - 4 potions of brilliance
 j - 2 potions of lignification
 p - 3 potions of flight {unknown}
 q - 2 potions of mutation {unknown}
 s - 2 potions of curing
 t - a potion of might {unknown}


   Skills:
 + Level 5.7 Fighting
 + Level 8.3 Polearms
 - Level 2.0 Throwing
 + Level 3.4 Armour
 + Level 7.6 Dodging


You had 7 spell levels left.
You didn't know any spells.
Your spell library contained the following spells:

 Spells                   Type           Power      Damage    Failure   Level
 Dazzling Flash           Conj/Hex       0%         N/A       86%         3
 Iskenderun's Mystic Bla  Conj/Tloc      0%         2d3       99%         4
 Petrify                  Tmut/Erth      0%         N/A       99%         4
 Metabolic Englaciation   Hex/Ice        0%         N/A       100%        5
 Starburst                Conj/Fire      0%         8x6d3     100%        6
 Statue Form              Tmut/Erth      0%         N/A       100%        6


Dungeon Overview and Level Annotations

Branches:
Dungeon (6/15)              Sewer (visited)         Ossuary (visited)
 Temple: D:4-7

Altars:
Dithmenos
Fedhas
Hepliaklqana
Kikubaaqudgha
Nemelex Xobeh
Sif Muna
Uskayaw


Innate Abilities, Weirdness & Mutations

((You are quick and stealthy near water. (Stealth+, EV+, Speed+++)))
Your lower body shifts to a powerful aquatic tail in water.


Message History

The cyan ugly thing punches you but does no damage.
You puncture the cyan ugly thing!
The cyan ugly thing looks as sick as possible!
The cyan ugly thing is lightly wounded.
The cyan ugly thing punches you! The cyan ugly thing shocks you!
You hit the cyan ugly thing but do no damage.
The cyan ugly thing looks as sick as possible!
The cyan ugly thing is moderately wounded.
The cyan ugly thing barely misses you.
You hit the cyan ugly thing.
The cyan ugly thing is moderately wounded.
The cyan ugly thing barely misses you.
You hit the cyan ugly thing.
The cyan ugly thing looks as sick as possible!
The cyan ugly thing is heavily wounded.
The cyan ugly thing punches you! The cyan ugly thing shocks you!
You feel much better. The cyan ugly thing punches you.
The cyan ugly thing shocks you!
You puncture the cyan ugly thing!
The cyan ugly thing is heavily wounded.
You puncture the cyan ugly thing!
The cyan ugly thing looks as sick as possible!
The cyan ugly thing is severely wounded.
The cyan ugly thing punches you. The cyan ugly thing shocks you!
* * * LOW HITPOINT WARNING * * *
You hit the cyan ugly thing.
The cyan ugly thing looks as sick as possible!
The cyan ugly thing is severely wounded.
The cyan ugly thing barely misses you.
You barely miss the cyan ugly thing.
The cyan ugly thing is severely wounded.
The cyan ugly thing misses you.
Unknown command.
You hit the cyan ugly thing but do no damage.
The cyan ugly thing looks as sick as possible!
The cyan ugly thing is severely wounded.
The cyan ugly thing punches you!
* * * LOW HITPOINT WARNING * * *
The cyan ugly thing shocks you!
You die...

..# #.#
#.....#....# ..#
#.# #####.#....#
..####.#
#.#....#
#.##...#
#.#.(..#
..##...# .#....#
..##(..#####
#....#
..####.....#
#.###### ..#
#.###.## #####
#....... ..#
#.##...###.@.##
######## ..#
#.#..#..#..#u.##
..#
#....##)..##...#
..# #....
##.###(...# ..#
#.### #.# .###.#
### #.. #.#.# .#
# #.## .# .⌠. #
#.#


You could see a cyan ugly thing (extremely poisoned).

Vanquished Creatures
  A black bear (D:5)
  A necrophage (D:6)
  An ogre (D:4)
  2 phantoms
  2 bullfrogs (Sewer)
  A scorpion (D:4)
  A water moccasin skeleton (D:6)
  A howler monkey (D:4)
  2 bullfrog zombies (D:5)
  2 hounds (D:5)
  2 jellies (D:5)
  A human zombie (D:5)
  8 mummies (Ossuary)
  A howler monkey zombie (D:6)
  4 adders
  2 howler monkey skeletons
  A worm (D:2)
  2 dart slugs
  7 orcs
  6 ball pythons
  5 endoplasms
  13 giant cockroaches
  2 gnoll zombies (Ossuary)
  5 hobgoblins
  7 jackals
  4 quokkas
  4 bats
  10 frilled lizards
  7 goblins
  4 hobgoblin zombies (Ossuary)
  7 kobolds
  A kobold zombie (Ossuary)
  An orc zombie (Ossuary)
  6 rats
124 creatures vanquished.

Notes
Turn   | Place    | Note
-------+----------+-------------------------------------------
     0 | D:1      | Demosthentine the Merfolk Gladiator began the quest for the
                  | Orb.
     0 | D:1      | Reached XP level 1. HP: 16/16 MP: 1/1
   174 | D:1      | Reached XP level 2. HP: 23/23 MP: 2/2
   617 | D:1      | Found a faded altar of an unknown god.
   905 | D:2      | Reached XP level 3. HP: 13/28 MP: 3/3
  1108 | D:2      | Reached skill level 5 in Polearms
  1243 | D:2      | Found a shimmering blue altar of Sif Muna.
  1345 | D:2      | Reached skill level 1 in Armour
  1392 | D:2      | Reached XP level 4. HP: 12/34 MP: 4/4
  2206 | D:3      | Found a shadowy altar of Dithmenos.
  2209 | D:3      | Found a hide-covered altar of Uskayaw.
  2209 | D:3      | Found an ancient bone altar of Kikubaaqudgha.
  2224 | D:3      | Found a blossoming altar of Fedhas.
  2226 | D:3      | Found a sparkling altar of Nemelex Xobeh.
  3030 | D:4      | Found a glowing drain.
  3044 | Sewer    | Entered a sewer
  3065 | Sewer    | Reached skill level 5 in Dodging
  3095 | Sewer    | Noticed a bullfrog
  3096 | Sewer    | Noticed a bullfrog
  3106 | Sewer    | Killed a bullfrog
  3107 | Sewer    | Reached XP level 5. HP: 35/41 MP: 5/5
  3114 | Sewer    | Reached skill level 6 in Polearms
  3114 | Sewer    | Reached XP level 6. HP: 42/48 MP: 6/6
  3903 | D:4      | Reached XP level 7. HP: 32/55 MP: 7/7
  4145 | D:4      | Found a hazy altar of Hepliaklqana.
  4282 | D:5      | Entered Level 5 of the Dungeon
  4380 | D:5      | Reached skill level 7 in Polearms
  4438 | D:5      | Found a sand-covered staircase.
  4681 | Ossuary  | Entered an ossuary
  4747 | Ossuary  | Reached skill level 5 in Fighting
  5131 | D:5      | Reached XP level 8. HP: 55/62 MP: 8/8
  5659 | D:6      | Reached skill level 8 in Polearms
  6131 | D:6      | Noticed a cyan ugly thing
  6148 | D:6      | HP: 3/64 [cyan ugly thing (14)]
  6148 | D:6      | Demolished by a cyan ugly thing

Illustrated notes

Levels and vault maps discovered:
D:1:      minmay_arrival_pointy, layout_loops_ring,
          hellmonk_ecumenical_altar_crossroads
D:2:      layout_loops_cross, basic_altar
D:3:      layout_loops_ring, grunt_temple_overflow_open, minmay_misc_feat_doors,
          fountainhead
D:4:      layout_basic, worldfamousw_hep_ancestral_shrine, portal_sewer_entry_b,
          minmay_quadrilaterals
D:5:      layout_basic, enter_ossuary_3, corexii_corridor_pit
D:6:      layout_basic, overflow_temple_1_default, minmay_splitting_lines,
          kb_rosetta, uniq_blork_the_orc

Skill      XL: |  1  2  3  4  5  6  7  8 |
---------------+-------------------------+-----
Polearms       | 5 6 7 8 |  8.3
Armour         | 1 2 3 |  3.4
Fighting       | 3 4 5 |  5.7
Dodging        | 5 6 7 |  7.6
Throwing       | |  2.0

Action                   |  1- 3 |  4- 6 |  7- 9 || total
-------------------------+-------+-------+-------++-------
Melee: Trident           |    86 |   177 |   185 ||   448
       Tailslap          |       |     4 |       ||     4
Throw: Throwing net      |       |       |     3 ||     3
  Use: Scroll            |     1 |     6 |     5 ||    12
       Potion            |     1 |       |     2 ||     3
 Stab: Sleeping          |     2 |     1 |     1 ||     4
       Distracted        |       |     1 |     1 ||     2
Armor: Leather armour    |    21 |    37 |    41 ||    99
Dodge: Dodged            |    39 |   126 |    87 ||   252

Table legend: (Time is in decaauts)
 A = Elapsed time spent in this place.
 B = Non-inter-level travel time spent in this place.
 C = Inter-level travel time spent in this place.
 D = Time resting spent in this place.
 E = Time spent auto-exploring this place.
 F = Levels seen in this place.
 G = Mean time per level.
                   A        B        C        D        E       F      G
               +--------+--------+--------+--------+--------+-----+--------+
         Total |   6124 |   6025 |     99 |    243 |   4684 |   8 |  765.5 |
       Dungeon |   5592 |   5493 |     99 |    241 |   4392 |   6 |  932.0 |
         Sewer |    205 |    205 |      0 |      0 |     94 |   1 |  205.0 |
       Ossuary |    326 |    326 |      0 |      2 |    197 |   1 |  326.0 |
               +--------+--------+--------+--------+--------+-----+--------+

Top non-repeatable levels by time:
     D:4: 1343 daAuts
     D:2: 1137 daAuts
     D:5: 995 daAuts
     D:1: 860 daAuts
     D:3: 716 daAuts
     D:6: 538 daAuts
 Ossuary: 326 daAuts
   Sewer: 205 daAuts
